 Dungeon Sprint DCSS version 0.20.1-1-g8b1a95d (webtiles) character file.

1880 potatolord6000 the Fighter (level 9, -9/105 HPs)
             Began as an Ogre Hunter on Aug 30, 2017.
             Was the Champion of Qazlal.
             Mangled by an ice devil (19 damage)
             ... in the Dungeon (Sprint VII: "The Pits").
             The game lasted 00:06:18 (1181 turns).

potatolord6000 the Fighter (Ogre Hunter)            Turns: 1181, Time: 00:06:19

Health: -9/105     AC: 19    Str: 26    XL:     9   Next: 14%
Magic:  22/22      EV: 14    Int: 12    God:    Qazlal [******]
Gold:   0          SH:  8    Dex: 12    Spells: 26/26 levels left

rFire    . . .     SeeInvis .   u - +2 dire flail (protect)
rCold    . . .     Gourm    .   (shield currently unavailable)
rNeg     . . .     Faith    .   h - +2 robe {MR+}
rPois    .         Spirit   .   (helmet restricted)
rElec    .         Reflect  .   d - +0 cloak
rCorr    .         Harm     .   (gloves unavailable)
MR       +....     NoTele   +   (boots unavailable)
Stlth    +.........             (no amulet)
Regen    0.3/turn               b - +3 ring of dexterity
MPRegen  0.2/turn               l - +3 ring of protection

@: mighty, protected from physical damage, protection aura, hasted, repel
missiles, very quick
A: unfitting armour, tough skin 1
a: Upheaval, Elemental Force, Disaster Area, Renounce Religion


You were in the Dungeon.
You worshipped Qazlal.
Qazlal was exalted by your worship.
You were full.

You visited 1 branch

Inventory:

Hand Weapons
 u - a +2 dire flail of protection (weapon)
Armour
 d - a +0 cloak (worn)
 h - a +2 robe of magic resistance (worn)
Jewellery
 b - a +3 ring of dexterity (left hand)
 l - a +3 ring of protection (right hand)
Scrolls
 k - a scroll of blinking
 m - 3 scrolls of remove curse
 n - 5 scrolls of amnesia
 o - a scroll of summoning
Potions
 a - a potion of invisibility
 e - 7 potions of curing
 g - 2 potions of heal wounds
 i - 4 potions of magic
 j - 2 potions of berserk rage
 t - 3 potions of brilliance
Comestibles
 f - 8 bread rations
 p - 40 fruits
 q - 6 meat rations


   Skills:
 + Level 11.3 Fighting
   Level 0.2 Short Blades
 + Level 7.7 Maces & Flails
 + Level 9.5 Throwing
 + Level 8.1 Dodging
 - Level 0.6 Stealth
 + Level 9.2 Spellcasting
 + Level 7.0 Invocations


You had 26 spell levels left.
You didn't know any spells.

Dungeon Overview and Level Annotations

Branches:
Dungeon (1/1)

Altars:
Ashenzari
Cheibriados
Dithmenos
Elyvilon
Fedhas
Gozag
Hepliaklqana
Kikubaaqudgha
Makhleb
Nemelex Xobeh
Okawaru
Qazlal
Ru
Sif Muna
Trog
Uskayaw
Vehumet
Xom
Yredelemnul
Zin
The Shining One
Beogh
Jiyva
Lugonu


Innate Abilities, Weirdness & Mutations

You are too large for most types of armour.
You have tough skin. (AC +1)


Message History

Your weapon exudes an aura of protection.
The ice devil is severely wounded.
The ice devil is struck by lightning.
The ice devil hits you! The ice devil freezes you! You resist.
You feel more protected from cold.
* * * LOW HITPOINT WARNING * * *
The yak is engulfed in freezing vapours.
The yak gores you.
* * * LOW HITPOINT WARNING * * *
Your resistance to cold fades away.
You feel protected from physical attacks.
You hear a bellow! x3
You closely miss the ice devil.
The ice devil is severely wounded.
The red devil hits you from afar with a trident!
* * * LOW HITPOINT WARNING * * *
The yak misses you. The ice devil hits you!
* * * LOW HITPOINT WARNING * * *
The ice devil freezes you!!
You die...

###'##................#
))'.##......#..#......#
###.##................+
.....'................+
'#####......#..#......#
.#..##................#
.+†.#####'#####''######
##†###.......##''#
....##.......##Y@#
....##.......##Y4#
+#####...<...##4.####
))..##.......##.W#..###
))..##.......##..#..Y.## #
######.......##..'...Y.#...#
##).###########..'.....'...+
.#.############..'.....#Y((#
##.#....#..[.##..#....## #


You could see an ice devil, 2 yaks, a wraith and a red devil.

Vanquished Creatures
  A deep troll (D)
  A smoke demon (D)
  An ice devil (D)
  A ynoxinul (D)
  A floating eye (D)
  A water moccasin (D)
  A porcupine (D)
  A black bear (D)
  A wolf (D)
  An orc priest (D)
  Jessica (D)
  Ijyb (D)
  5 orc wizards (D)
  A mummy (D)
  A river rat (D)
  An ufetubus (D)
  An ooze (D)
  5 orcs (D)
  A ball python (D)
  A bat skeleton (D)
  A giant cockroach (D)
  3 goblins (D)
  A jackal (D)
  2 frilled lizards (D)
  A kobold (D)
  A rat (D)
37 creatures vanquished.

Notes
Turn   | Place    | Note
-------+----------+-------------------------------------------
     0 | D        | potatolord6000 the Ogre Hunter began the quest for the Orb.
     0 | D        | Reached XP level 1. HP: 22/22 MP: 1/1
    18 | D        | Reached skill level 3 in Fighting
    50 | D        | Found a bloodstained altar of Trog.
    50 | D        | Found a deep blue altar of Sif Muna.
    50 | D        | Found a viscous altar of Jiyva.
    50 | D        | Found a hazy altar of Hepliaklqana.
    50 | D        | Found an opulent altar of Gozag.
    51 | D        | Found a glowing golden altar of the Shining One.
    51 | D        | Found a glowing silver altar of Zin.
    51 | D        | Found a basalt altar of Yredelemnul.
    51 | D        | Found a shimmering altar of Xom.
    51 | D        | Found a sacrificial altar of Ru.
    51 | D        | Found a stormy altar of Qazlal.
    51 | D        | Found an iron altar of Okawaru.
    51 | D        | Found a sparkling altar of Nemelex Xobeh.
    51 | D        | Found a burning altar of Makhleb.
    51 | D        | Found a blossoming altar of Fedhas.
    51 | D        | Found a white marble altar of Elyvilon.
    51 | D        | Found a shadowy altar of Dithmenos.
    51 | D        | Found a snail-covered altar of Cheibriados.
    54 | D        | Found a corrupted altar of Lugonu.
    54 | D        | Found a radiant altar of Vehumet.
    54 | D        | Found a roughly hewn altar of Beogh.
    55 | D        | Found an ancient bone altar of Kikubaaqudgha.
    55 | D        | Found a hide-covered altar of Uskayaw.
    55 | D        | Found a shattered altar of Ashenzari.
    58 | D        | Became a worshipper of Qazlal Stormbringer
    71 | D        | Noticed a floating eye
    73 | D        | Killed a floating eye
    73 | D        | Reached skill level 5 in Fighting
    73 | D        | Reached skill level 5 in Throwing
    73 | D        | Reached XP level 2. HP: 36/36 MP: 1/7
    73 | D        | Reached XP level 3. HP: 44/44 MP: 1/8
    73 | D        | Reached XP level 4. HP: 52/52 MP: 1/10
    85 | D        | Reached * piety under Qazlal
    94 | D        | Noticed a water moccasin
   126 | D        | Killed a water moccasin
   126 | D        | Reached skill level 7 in Fighting
   126 | D        | Reached skill level 5 in Dodging
   126 | D        | Reached skill level 5 in Spellcasting
   126 | D        | Reached XP level 5. HP: 23/62 MP: 6/12
   128 | D        | Reached ** piety under Qazlal
   515 | D        | Reached XP level 6. HP: 55/71 MP: 14/14
   643 | D        | Noticed a black bear
   648 | D        | Reached *** piety under Qazlal
   662 | D        | Killed a black bear
   662 | D        | Reached skill level 8 in Fighting
   662 | D        | Reached skill level 5 in Maces & Flails
   664 | D        | Reached **** piety under Qazlal
   676 | D        | Reached ***** piety under Qazlal
   851 | D        | Noticed Ijyb
   863 | D        | Killed Ijyb
   866 | D        | Noticed an ice devil
   868 | D        | Killed an ice devil
   868 | D        | Reached skill level 9 in Fighting
   868 | D        | Reached XP level 7. HP: 83/83 MP: 15/17
   872 | D        | Noticed Jessica
   874 | D        | Killed Jessica
   889 | D        | Noticed a ynoxinul
   890 | D        | Reached skill level 5 in Invocations
   892 | D        | Killed a ynoxinul
   892 | D        | Reached skill level 10 in Fighting
   892 | D        | Reached XP level 8. HP: 54/93 MP: 15/20
   895 | D        | Reached ****** piety under Qazlal
  1115 | D        | Noticed a smoke demon
  1115 | D        | Noticed a deep troll
  1120 | D        | Killed a smoke demon
  1125 | D        | Killed a deep troll
  1125 | D        | Reached skill level 11 in Fighting
  1125 | D        | Reached XP level 9. HP: 50/105 MP: 20/22
  1158 | D        | Noticed an ice devil
  1161 | D        | Noticed a red devil
  1181 | D        | Mangled by an ice devil

Skill      XL: |  1  2  3  4  5  6  7  8 |
---------------+-------------------------+-----
Fighting       | 5 7 9 10 11 | 11.3
Dodging        | 4 5 6 7 8 |  8.1
Maces & Flails | 3 4 6 7 |  7.7
Throwing       | 5 6 8 9 |  9.5
Spellcasting   | 4 5 7 8 9 |  9.2
Invocations    | 4 5 7 |  7.0
Short Blades   | |  0.2
Stealth        | |  0.6

Action                   |  1- 3 |  4- 6 |  7- 9 || total
-------------------------+-------+-------+-------++-------
Melee: Short sword       |     5 |       |       ||     5
       Mace              |       |    21 |       ||    21
       Flail             |       |    34 |     3 ||    37
       Dire flail        |       |       |     9 ||     9
Throw: Large rock        |     2 |    16 |    16 ||    34
       Throwing net      |       |     4 |       ||     4
Invok: Upheaval          |       |       |     1 ||     1
  Use: Potion            |       |     6 |     7 ||    13
 Stab: Invisible         |       |     2 |       ||     2
  Eat: Meat ration       |       |     1 |       ||     1
Armor: Robe              |     2 |    30 |     7 ||    39
Dodge: Dodged            |     9 |    72 |    18 ||    99
Block: Other             |       |    19 |    10 ||    29
